cohdb
Replays
Latest Replays
All Replays
Popular Replays
Top Player Replays
Match Explorer
How It Works
Community
CoH3 Stats
Reddit
Sign in to upload your games and track your stats! →
Sign in with Steam
Match 40250997
Unlisted
Match 40250997
Overview
Messages
Build Orders
End
Selects Panzerjäger Kommand Battlegroup
Panzergrenadier Squad
Selects Blockade Equipment
250 Light Carrier
Panzergrenadier Squad
Selects Tank Busters
Construct Light Support Kompanie
2.5-tonne Medical Truck
Fire Support Elements
le.IG 18 Support Gun Team
Panzerjäger Mechanized Group
Construct Mechanized Kompanie
Selects Defensive Positions
MG34 Team
Veteran Squad Leaders
Construct Panzerarmee Kommand
Panzergrenadier Squad
Selects Crew Shock Tactics
Panzerjäger Squad
Walking Stuka Rocket Launcher
Advanced Field Repairs
Rapid Advance
Armored Reserves
Panzerpioneer Squad
Panzerjäger Squad
Forward Retreat Point
Flakvierling Half-track
MG34 Team
Panzergrenadier Squad
2.5-tonne Medical Truck
Selects Elefant Tank Destroyer
Horeneks
REX000威威
Hoguma
Voodoo408
cheems
Elite Gamer Beef Chugger
go_kitkayu
dalidalia
0
0
Comments
sign in to comment!
No comments posted yet!